 Dungeon Sprint DCSS version 0.02-32-ge3bdf778cf (webtiles) character file.

Game seed: 17495894748203177557, levelgen mode: deterministic

76 pasperui the Twirler (level 4, -1/36 HPs) Lignifite Skald. Began on Aug 29, 2020. Was a Believer of Makhleb. Slain by Blork the orc ... wielding a +0 scimitar (6 damage) ... while paralysed ... in the Dungeon (Sprint VII: "The Pits"). The game lasted 00:02:59 (193 turns).

pasperui the Twirler (Lignifite Skald)               Turns: 193, Time: 00:03:00

Health: -1/36      AC: 11    Str: 18    XL:     4 ^: 87
Magic:  8/8        EV:  4    Int: 14    God:    Makhleb [2* [72]]
Gold:   0          SH:  0    Dex:  7    Spells: 6/7 levels left

rFire    x . .     Vision   .   (weapon restricted)
rCold    . . .     Gourm    .   o - +2 mace
rNeg     + + +     Faith    .   b - +0 robe
rPois    ∞         Spirit   .   (helmet restricted)
rElec    .         Reflect  .   (no cloak)
rCorr    .         Harm     .   (gloves unavailable)
MR       .....     NoTele   +   (boots unavailable)
Stlth    +.........             (no amulet)
HPRegen  0.22/turn              (no ring)
MPRegen  0.18/turn              (no ring)

@: petrified, berserk cooldown, slowed, quick
A: very small, rF-, deformed body, speed 1, poison resistance, slow metabolism
1, torment resistance, plant, rot immunity
a: Minor Destruction, Renounce Religion


You were in the Dungeon.
You worshipped Makhleb.
Makhleb was pleased with you.
You were not hungry.

You visited 1 branch

Inventory:

Weapons
 a - a +0 mace of protection
 o - a +2 mace (weapon)
Armour
 b - a +0 robe (worn)
Scrolls
 j - a scroll of blinking
 l - a scroll of bless item
 m - 5 scrolls of amnesia
 n - a scroll of summoning
Potions
 e - 6 potions of curing
 f - 5 potions of heal wounds
 g - a potion of haste
 h - 4 potions of magic
 i - 2 potions of berserk rage
 k - 2 potions of invisibility
Comestibles
 c - 7 chunks of flesh
 d - 9 rations


   Skills:
 * Level 5.6 Fighting
 - Level 7.0 Maces & Staves
 - Level 2.1 Dodging
 - Level 2.1 Spellcasting
 - Level 2.6 Charms


You had 6 spell levels left.
You knew the following spells:

 Your Spells              Type           Power        Failure   Level  Hunger
a - Infusion              Chrm           9 (25)       8%          1    #......

Your spell library contained the following spells:

 Spells                   Type           Power        Failure   Level  Hunger
 Song of Slaying          Chrm           9 (100)      12%         2    ###....
 Shroud of Golubria       Chrm/Tloc      5 (200)      21%         2    ###....
 Regeneration             Chrm/Necr      5 (200)      38%         3    ###....
 Spectral Weapon          Chrm/Summ      5 (100)      38%         3    ###....


Dungeon Overview and Level Annotations

Branches:
Dungeon (1/1)

Altars:
Ashenzari
Cheibriados
Dithmenos
Elyvilon
Fedhas Madash
Gozag Ym Sagoz
Hepliaklqana
Kikubaaqudgha
Makhleb
Nemelex Xobeh
Okawaru
Qazlal
Ru
Sif Muna
Trog
Uskayaw
Vehumet
Wu Jian
Xom
Yredelemnul
Zin
The Shining One
Beogh
Jiyva
Lugonu

Annotations:
D Blork the orc


Innate Abilities, Weirdness & Mutations

Your woody flesh burns easily. (rF-)
A tangle of shorter branches protects your body from attack. (+2 SH)
You are very small and have problems with some larger weapons.
You are too small for most types of armour.
Armour fits poorly on your strangely shaped body.
You cover ground quickly.
Your system is resistant to poisons. (rPois)
You have a slow metabolism.
You are immune to unholy pain and torment.
You require very little carbon dioxide to survive.
You are immune to rotting.


Message History

Unknown command.
You feel much better.
Blork the orc is no longer moving quickly.
Blork the orc hits you with a +0 scimitar (2).
The floating eye's stare focuses on you.
Blork the orc barely misses you (0).
You have turned to stone.
Blork the orc hits you with a +0 scimitar (4).
The floating eye gazes piercingly through you!
Blork the orc hits you with a +0 scimitar (4).
* * * LOW HITPOINT WARNING * * *
Your magical contamination has completely faded away.
Blork the orc hits you with a +0 scimitar (5).
* * * LOW HITPOINT WARNING * * *
Blork the orc hits you but does no damage.
The floating eye pulsates ominously.
Blork the orc barely misses you (0). The floating eye's view fixates on you.
Blork the orc hits you but does no damage.
Blork the orc hits you with a +0 scimitar (6).
You die...

#'#####'#####.....
#.#...#)#..##.....
#.#...#.#))#####'#
#.#...).#))##.....
#.##'####.)##.....
#.#.....#[[##.....
#.#.....#'###...<.
#.#........##.....
#@#........##.....
#o###########.....
#sG..s..# ######
#.###...# #.# .#
#.# #.. #.. #..


You could see Blork the orc, a floating eye and a giant cockroach.

Vanquished Creatures
  A scorpion (D)
  A gnoll (D)
  An ufetubus (D)
  An ooze (D)
  An adder zombie (D)
  A leopard gecko (D)
  A bat (D)
  A goblin (D)
  A kobold (D)
  A quokka skeleton (D)
10 creatures vanquished.

Notes
Turn   | Place    | Note
-------+----------+-------------------------------------------
     0 | D        | pasperui the Lignifite Skald began the quest for the Orb.
     0 | D        | Reached XP level 1. HP: 12/12 MP: 4/4
    12 | D        | Reached skill level 3 in Maces & Staves
    45 | D        | Found a glowing golden altar of the Shining One.
    45 | D        | Found a glowing silver altar of Zin.
    45 | D        | Found a basalt altar of Yredelemnul.
    45 | D        | Found a shimmering altar of Xom.
    45 | D        | Found an ornate altar of the Wu Jian Council.
    45 | D        | Found a bloodstained altar of Trog.
    45 | D        | Found a shimmering blue altar of Sif Muna.
    45 | D        | Found a sacrificial altar of Ru.
    45 | D        | Found a stormy altar of Qazlal.
    45 | D        | Found an iron altar of Okawaru.
    45 | D        | Found a sparkling altar of Nemelex Xobeh.
    45 | D        | Found a burning altar of Makhleb.
    45 | D        | Found a viscous altar of Jiyva.
    45 | D        | Found a hazy altar of Hepliaklqana.
    45 | D        | Found an opulent altar of Gozag.
    45 | D        | Found a blossoming altar of Fedhas.
    45 | D        | Found a white marble altar of Elyvilon.
    45 | D        | Found a shadowy altar of Dithmenos.
    45 | D        | Found a snail-covered altar of Cheibriados.
    46 | D        | Found a radiant altar of Vehumet.
    46 | D        | Found a corrupted altar of Lugonu.
    46 | D        | Found a roughly hewn altar of Beogh.
    47 | D        | Found a hide-covered altar of Uskayaw.
    47 | D        | Found an ancient bone altar of Kikubaaqudgha.
    47 | D        | Found a shattered altar of Ashenzari.
    53 | D        | Became a worshipper of Makhleb the Destroyer
    70 | D        | Reached skill level 4 in Maces & Staves
    74 | D        | Reached skill level 5 in Maces & Staves
    74 | D        | Reached XP level 2. HP: 19/19 MP: 0/6
    82 | D        | Reached * piety under Makhleb
    87 | D        | Reached skill level 6 in Maces & Staves
   102 | D        | Reached ** piety under Makhleb
   105 | D        | Reached XP level 3. HP: 22/24 MP: 0/7
   108 | D        | Reached skill level 7 in Maces & Staves
   160 | D        | Noticed Blork the orc
   169 | D        | Noticed a floating eye
   174 | D        | Reached skill level 5 in Fighting
   174 | D        | Reached XP level 4. HP: 36/36 MP: 6/8
   184 | D        | HP: 1/36 [Blork the orc/+0 scimitar (9)]
   193 | D        | Slain by Blork the orc

Levels and vault maps discovered:
D:        pitsprint [storerooms_1, entrance_room_1, metal_vault_8, armoury_2,
          mini_pit_1, grid_room_1, main_hall_1, silver_pit, the_coven_1,
          the_vestibule_1, steel_vault_5, golden_pit, hallway_of_sentries,
          crystal_vault_4, iron_vault_2, final_vault]

Skill      XL: |  1  2  3 |
---------------+----------+-----
Maces & Staves | 5 6 7 |  7.0
Fighting       | 5 |  5.6
Dodging        | |  2.1
Spellcasting   | |  2.1
Charms         | |  2.6

Action                   |  1- 3 |  4- 6 || total
-------------------------+-------+-------++-------
Melee: Mace              |    24 |     1 ||    25
       Unarmed           |    25 |     1 ||    26
 Cast: Infusion          |     3 |       ||     3
  Use: Potion            |     1 |     1 ||     2
Armor: Robe              |     3 |     7 ||    10
Dodge: Dodged            |    27 |     4 ||    31
